 Dungeon Crawl Stone Soup version 0.21.1-1-g345015fe64 (webtiles) character file.

749 Jannitor the Skirmisher (level 7, -10/57 HPs)
             Began as a Barachi Chaos Knight on June 12, 2018.
             Mangled by a two-headed ogre
             ... wielding a +0 giant spiked club
              (30 damage)
             ... on level 9 of the Dungeon.
             The game lasted 00:07:02 (5297 turns).

Jannitor the Skirmisher (Barachi Chaos Knight)      Turns: 5297, Time: 00:07:03

Health: -10/57     AC:  7    Str: 15    XL:     7   Next: 77%
Magic:  7/7        EV: 13    Int: 13    God:    Xom [.*....]
Gold:   87         SH:  8    Dex:  9    Spells: 6/6 levels left

rFire    . . .     SeeInvis .   a - +0 mace (chaos)
rCold    . . .     Gourm    .   f - +0 buckler
rNeg     . . .     Faith    .   b - +2 leather armour
rPois    .         Spirit   .   i - +2 hat
rElec    .         Reflect  +   (no cloak)
rCorr    .         Harm     .   (no gloves)
MR       .....                  (no boots)
Stlth    +.........             e - +4 amulet of reflection
HPRegen  0.19/turn              (no ring)
MPRegen  0.10/turn              (no ring)

@: can't hop, very slightly contaminated, slowed, invisible, very slow
A: +LOS, swims, hooves 1, horns 1, clumsy 1, slowness 1, strong legs 1
a: Hop, Renounce Religion


You were on level 9 of the Dungeon.
You worshipped Xom.
You were a plaything of Xom.
You were not hungry.

You visited 2 branches of the dungeon, and saw 8 of its levels.

You collected 311 gold pieces.
You spent 224 gold pieces at shops.

Inventory:

Hand Weapons
 a - a +0 mace of chaos (weapon)
Armour
 b - a +2 leather armour (worn)
 f - a +0 buckler (worn)
 i - a +2 hat (worn)
Jewellery
 e - a +4 amulet of reflection (around neck)
 o - an uncursed ring of resist corrosion {unknown}
Wands
 j - a wand of polymorph (13)
 n - a wand of flame (31)
 p - a wand of paralysis (18)
Scrolls
 d - 5 scrolls of identify
 g - a scroll of noise {unknown}
 m - 2 scrolls of enchant weapon
 s - a scroll of enchant armour
 u - a scroll of fog {unknown}
Potions
 h - 5 potions of curing
 l - a potion of mutation
 q - a potion of magic
Books
 r - a book of Changes

   Spells                             Type                      Level
   a - Beastly Appendage              Transmutation                1
   b - Sticks to Snakes               Transmutation                2
   c - Spider Form                    Transmutation/Poison         3
   d - Ice Form                       Ice/Transmutation            4
   e - Blade Hands                    Transmutation                5
Comestibles
 c - 8 rations
 t - 2 chunks of flesh


   Skills:
 + Level 5.8 Fighting
 + Level 5.2 Maces & Flails
 + Level 5.1 Armour
 + Level 4.1 Dodging
 + Level 3.5 Shields


You had 6 spell levels left.
You didn't know any spells.

Dungeon Overview and Level Annotations

Branches:
Dungeon (6/15)             Temple (1/1) D:4

Altars:
Ashenzari
Cheibriados
Dithmenos
Fedhas
Hepliaklqana
Okawaru
Qazlal
Sif Muna
Trog
Vehumet
Wu Jian
Xom
Yredelemnul
Zin

Shops:
D:4 (   D:5 ?   D:9 [

Annotations:
D:2 1 runed door
D:9 Pikel


Innate Abilities, Weirdness & Mutations

Shadows flee at your approach. (+LOS)
You can swim through water.
You cover ground slowly.
You can hop short distances.
You have large cloven feet.
You have a pair of small horns on your head.
You are clumsy. (Dex -2)


Message History

The arrow hits the slave!
The slave dies!
You feel much better.
The centaur shoots an arrow.
You reflect the arrow off an invisible shield around you!
The arrow hits the centaur!
The centaur shoots an arrow.
The arrow closely misses you.
The centaur shoots an arrow.
The arrow hits the two-headed ogre.
The centaur shoots an arrow.
The arrow hits the two-headed ogre!
The two-headed ogre hits you with a giant spiked club!!
You block the two-headed ogre's attack.
Found a hardcover book.
You see here 3 arrows.
The centaur is no longer moving quickly.
The centaur shoots an arrow.
The arrow hits the two-headed ogre.
The centaur shoots an arrow.
The arrow hits the two-headed ogre!
The centaur shoots an arrow.
The arrow hits the two-headed ogre!
The two-headed ogre hits you with a giant spiked club!!
Ouch! That really hurt!
You die...
Xom is highly amused!

#........#.p.### #.##.####
#......o.#p(.# #....#
#........#K.#######+#######
#........#oO........ #8.
##########c#........ #.⌠
#(#........ #8.
#####(#........ #.⌠
#....O......... #8.
#....@......... ###
#...(<..#......
#.......#...... #.......#
... #.......# .. #........
# #....:.... #..........
##########.


You could see a two-headed ogre, Pikel, an ogre, 2 slaves, a centaur and an orc
priest.

Vanquished Creatures
  A phantom (D:5)
  A centaur (D:5)
  A scorpion (D:5)
  A crimson imp (D:5)
  An iguana (D:5)
  An orc priest (D:9)
  Jessica (D:2)
  An orc wizard (D:3)
  A worker ant (D:5)
  A hound zombie (D:9)
  8 adders
  A river rat (D:4)
  An ooze (D:2)
  A worm (D:3)
  3 leopard geckos
  11 orcs
  10 bats
  2 giant cockroaches
  8 hobgoblins
  6 jackals
  A quokka (D:3)
  A ball python (D:4)
  5 frilled lizards
  7 goblins
  A jackal skeleton (D:5)
  6 kobolds
  A leopard gecko skeleton (D:5)
  A quokka skeleton (D:6)
  5 rats
89 creatures vanquished.

Vanquished Creatures (collateral kills)
  Sigmund (D:4)
  An ogre (D:4)
  A worker ant (D:4)
3 creatures vanquished.

Vanquished Creatures (others)
  A slave (D:9)
  Ijyb (D:4)
  A shadow imp (D:9)
  A leopard gecko (D:4)
  An orc (D:9)
5 creatures vanquished.

Grand Total: 97 creatures vanquished

Notes
Turn   | Place    | Note
-------+----------+-------------------------------------------
     0 | D:1      | Jannitor the Barachi Chaos Knight began the quest for the Orb.
     0 | D:1      | Reached XP level 1. HP: 18/18 MP: 1/1
   121 | D:1      | Reached XP level 2. HP: 25/25 MP: 2/2
   458 | D:1      | XOM: harmless Air miscast
   519 | D:2      | Reached XP level 3. HP: 24/30 MP: 3/3
   722 | D:2      | XOM: silly message
   802 | D:2      | Found a shadowy altar of Dithmenos.
   813 | D:2      | Noticed Jessica
   821 | D:2      | Killed Jessica
   823 | D:2      | Reached XP level 4. HP: 34/37 MP: 4/4
   870 | D:2      | Found a runed door.
   951 | D:2      | Reached skill level 1 in Shields
  1140 | D:2      | XOM: divination: detect creatures
  1219 | D:2      | Found a glowing silver altar of Zin.
  1280 | D:2      | XOM: mild Chrm miscast
  1610 | D:2      | Gained mutation: You have large cloven feet. [potion of mutation]
  1610 | D:2      | Gained mutation: You are clumsy. (Dex -2) [potion of mutation]
  1610 | D:2      | Gained mutation: You have a pair of small horns on your head. [potion of mutation]
  1884 | D:3      | Reached XP level 5. HP: 42/43 MP: 5/5
  2063 | D:3      | XOM: scenery: create altars
  2165 | D:3      | XOM: smoke on damage
  2530 | D:4      | Found Eddem's Weapon Shoppe.
  2572 | D:4      | Found a staircase to the Ecumenical Temple.
  2768 | D:4      | Noticed Ijyb
  2770 | D:4      | Noticed Sigmund
  2772 | D:4      | Killed Ijyb
  2772 | D:4      | XOM: divine lightning
  2812 | D:4      | XOM: polymorph adder -> river rat
  3044 | D:3      | XOM: god gift: embroidered hat {god gift}
  3138 | D:4      | Found an ornate altar of the Wu Jian Council.
  3151 | D:4      | Found a blossoming altar of Fedhas.
  3225 | Temple   | Entered the Ecumenical Temple
  3493 | D:4      | XOM: fake destruction
  3503 | D:4      | Killed Sigmund
  3503 | D:4      | Reached XP level 6. HP: 50/50 MP: 6/6
  3617 | D:4      | Reached skill level 5 in Fighting
  3809 | D:5      | Entered Level 5 of the Dungeon
  3870 | D:5      | Found Nofanges's Magic Scroll Shop.
  3877 | D:5      | Bought a scroll of blinking for 105 gold pieces
  3877 | D:5      | Bought a scroll of enchant armour for 105 gold pieces
  3877 | D:5      | Bought a scroll of random uselessness for 14 gold pieces
  3907 | D:5      | Found an iron altar of Okawaru.
  3996 | D:5      | Reached XP level 7. HP: 50/56 MP: 7/7
  4077 | D:5      | XOM: medium Erth miscast
  4370 | D:5      | Found a radiant altar of Vehumet.
  4415 | D:5      | XOM: summons 1 hostile demon
  4416 | D:5      | Noticed a chaos spawn
  4539 | D:4      | XOM: divination: detect items
  4630 | D:5      | Reached skill level 5 in Maces & Flails
  4663 | D:5      | XOM: cleaving
  4668 | D:5      | Reached skill level 5 in Armour
  4741 | D:5      | XOM: scenery: create altars
  4756 | D:5      | Found a deep blue altar of Sif Muna.
  5100 | D:6      | You fall through a shaft for 3 floors!
  5100 | D:9      | Found Caehopn's Antique Armour Shop.
  5116 | D:9      | XOM: divine lightning
  5276 | D:9      | Noticed Pikel
  5277 | D:9      | XOM: potion effect (invisibility)
  5279 | D:9      | Noticed a two-headed ogre
  5285 | D:9      | XOM: scenery: create altars
  5297 | D:9      | Mangled by a two-headed ogre

Skill      XL: |  1  2  3  4  5  6  7 |
---------------+----------------------+-----
Fighting       | 4 5 |  5.8
Armour         | 3 4 5 |  5.1
Dodging        | 2 3 4 |  4.1
Shields        | 1 2 3 |  3.5
Maces & Flails | 4 5 |  5.2

Action                   |  1- 3 |  4- 6 |  7- 9 || total
-------------------------+-------+-------+-------++-------
Melee: Mace              |    61 |   154 |    71 ||   286
       Headbutt          |       |    16 |    15 ||    31
       Kick              |       |    21 |    16 ||    37
 Abil: Hop               |       |       |     2 ||     2
  Use: Potion            |     1 |     6 |     1 ||     8
       Scroll            |       |     5 |     1 ||     6
 Stab: Paralysed         |       |       |     4 ||     4
       Invisible         |       |       |     2 ||     2
  Eat: Chunk             |       |     8 |     5 ||    13
       Ration            |       |     1 |       ||     1
Armor: Leather armour    |    22 |    37 |    18 ||    77
Dodge: Dodged            |    43 |    70 |    44 ||   157
Block: Buckler           |     4 |    65 |    15 ||    84
       Reflection        |       |       |     1 ||     1
